AoeStats
← Alexspiration

Arabia

507237002Analyzed
1v1 RM · 16d ago on Sep 17, 2026· 38m 32s· 2 players
Game mode
Random Map
Map size
Tiny (2 player)
Population
200
Speed
Normal
Resources
Standard
Victory
Conquest
Starting age
Dark Age
Ending age
Imperial Age
RankedLock teamsTeams togetherTeam positionsShared explorationLock speedFull tech treeHidden civsTurbo modeCheats
Victory
Defeat
🇨🇳 Persians · China
1481
+13
🇩🇪 Aztecs · Germany
1426
-13
Alexspiration
6:33 Loom
10:45 Feudal Age
11:19 Double-Bit Axe
10:55 Man-at-Arms
11:40 Horse Collar
19:53 Castle Age
18:00 Gold Mining
18:27 Stone Mining
20:08 Forging
22:03 Wheelbarrow
22:21 Bow Saw
23:36 Pikeman
24:28 Scale Mail Armor
27:17 Town Watch
28:25 Squires
28:47 Chain Mail Armor
30:54 Iron Casting
35:47 Imperial Age
34:24 Ballistics
33:55 Fletching
33:54 Gambesons
37:06 Plate Mail Armor
喷火龙
6:19 Loom
8:50 Feudal Age
9:52 Double-Bit Axe
20:12 Castle Age
18:39 Gold Mining
18:42 Horse Collar
20:02 Scale Barding Armor
20:36 Bloodlines
26:07 Wheelbarrow
26:18 Forging
28:20 Chain Barding Armor
29:06 Bow Saw
29:59 Iron Casting
33:45 Imperial Age
33:04 Hand Cart
33:26 Heavy Plow
33:53 Husbandry
34:08 Cavalier
36:45 Plate Barding Armor
37:21 Blast Furnace
37:51 Savar
Connection lost

Rejoining the realm…

Still unreachable

The connection could not be restored.

Session expired

The server has moved on; the page needs a fresh start.